 Dungeon Crawl Stone Soup version 0.21.1-1-g345015fe64 (webtiles) character file.

133 Knicklaso the Sneak (level 4, 0/35 HPs)
             Began as a Demonspawn Wanderer on Apr 11, 2018.
             Slain by Purgy (3 damage)
             ... in a sewer.
             The game lasted 00:13:21 (3552 turns).

Knicklaso the Sneak (Demonspawn Wanderer)           Turns: 3552, Time: 00:13:22

Health: 0/35       AC:  3    Str: 13    XL:     4   Next: 93%
Magic:  1/7        EV: 11    Int: 17    God:
Gold:   276        SH:  0    Dex:  9    Spells: 7/8 levels left

rFire    . . .     SeeInvis .     - Unarmed
rCold    . . .     Gourm    .   (no shield)
rNeg     . . .     Faith    .   d - +0 robe
rPois    .         Spirit   .   m - +0 helmet
rElec    .         Reflect  .   (no cloak)
rCorr    .         Harm     .   (no gloves)
MR       +....                  (no boots)
Stlth    ++........             (no amulet)
HPRegen  0.11/turn              l - ring of protection from magic
MPRegen  0.10/turn              (no ring)

@: very slightly contaminated, very slow
A: claws 2, nightstalker 1
a: no special abilities


You were in a sewer.
You were not hungry.

You visited 1 branch of the dungeon, and saw 4 of its levels.
You also visited: Sewer.

You collected 276 gold pieces.

Inventory:

Armour
 d - a +0 robe (worn)
 m - a +0 helmet (worn)
 n - a cursed +0 ring mail
Jewellery
 l - a ring of protection from magic (left claw)
 q - a +3 ring of strength {unknown}
Wands
 p - a wand of enslavement (15)
Scrolls
 b - 2 scrolls of teleportation
 i - 2 scrolls of identify
 j - 2 scrolls of remove curse
 k - a scroll of magic mapping
 o - a scroll of enchant armour {unknown}
Potions
 c - a potion of curing
 h - a potion of berserk rage {unknown}
Books
 a - a book of Minor Magic

   Spells                             Type                      Level
   a - Magic Dart                     Conjuration                  1
   b - Blink                          Translocation                2
   c - Call Imp                       Summoning                    2
   d - Slow                           Hexes                        2
   e - Conjure Flame                  Conjuration/Fire             3
   f - Mephitic Cloud                 Conjuration/Poison/Air       3
 e - a book of Misfortune

   Spells                             Type                      Level
   a - Confusing Touch                Hexes                        1
   b - Confuse                        Hexes                        3
   c - Gell's Gravitas                Translocation                3
   d - Petrify                        Transmutation/Earth          4
   e - Metabolic Englaciation         Hexes/Ice                    5
   f - Yara's Violent Unravelling     Hexes/Transmutation          5
Comestibles
 f - 7 chunks of flesh
 g - 6 rations


   Skills:
 + Level 3.0 Fighting
 - Level 1.0 Dodging
 - Level 3.0 Stealth
   Level 1.0 Shields
 + Level 1.4 Unarmed Combat
 - Level 2.5 Spellcasting
 * Level 2.5 Conjurations
   Level 1.0 Poison Magic


You had 7 spell levels left.
You knew the following spells:

 Your Spells              Type           Power        Failure   Level  Hunger
a - Magic Dart            Conj           ##..         7%          1    #......


Dungeon Overview and Level Annotations

Branches:
Dungeon (4/15)
 Temple: D:4-7

Altars:
Hepliaklqana

Annotations:
Sewer Purgy


Innate Abilities, Weirdness & Mutations

You have very sharp fingernails.
You are slightly more attuned to the shadows.


Message History

Casting: Magic Dart
Confirm with . or Enter, or press ? or * to list all spells.
Aiming: Magic Dart
Press: ? - help, Shift-Dir - straight line, f/p - Purgy
Aim: Purgy (lightly wounded)
The magic dart hits Purgy.
Purgy is lightly wounded.
Purgy closely misses you. Purgy barely misses you. Purgy claws you.
You see here a frilled lizard skeleton.
You enter the shallow water.
Moving in this stuff is going to be slow.
Purgy bites you.
* * * LOW HITPOINT WARNING * * *
Purgy claws you.
* * * LOW HITPOINT WARNING * * *
Purgy closely misses you. Purgy bites you.
* * * LOW HITPOINT WARNING * * *
Purgy barely misses you. Purgy claws you.
You die...

≈≈≈≈≈≈ ≈≈≈≈≈≈≈≈
.≈≈≈≈≈≈≈#
#.≈≈≈≈≈≈≈
###≈≈≈≈≈≈≈≈
#.∩≈≈≈≈≈≈≈≈≈
#∩≈≈≈≈≈≈≈≈≈
##@≈≈≈≈≈≈≈#
##T≈≈≈≈≈≈≈
#≈≈≈≈≈≈≈#
#.≈≈≈≈≈≈#
##÷≈≈≈≈≈#
#####≈≈≈≈≈≈≈≈
#.#.≈≈≈≈≈≈≈##
#≈≈≈≈≈≈≈≈≈≈≈#
.#
###≈≈≈≈≈≈≈≈≈≈##


You could see Purgy.

Vanquished Creatures
  2 worker ants
  2 adders
  4 dart slugs (D:1)
  2 leopard geckos
  9 bats
  7 giant cockroaches
  2 goblins
  9 hobgoblins
  2 kobolds (D:1)
  A quokka (D:3)
  4 ball pythons
  4 frilled lizards
  7 rats
55 creatures vanquished.

Notes
Turn   | Place    | Note
-------+----------+-------------------------------------------
     0 | D:1      | Knicklaso the Demonspawn Wanderer began the quest for the Orb.
     0 | D:1      | Knicklaso set off with: a book of Minor Magic, a scroll of teleportation, a potion of curing, a +0 robe, a +0 club, a +0 dagger, a ration
     0 | D:1      | Reached XP level 1. HP: 16/16 MP: 3/3
     2 | D:1      | Learned a level 1 spell: Magic Dart
   299 | D:1      | Gained mutation: You are slightly more attuned to the shadows. [demonic ancestry]
   299 | D:1      | Reached XP level 2. HP: 12/22 MP: 0/5
  1340 | D:2      | Reached skill level 1 in Conjurations
  1468 | D:2      | Gained mutation: You have sharp fingernails. [demonic ancestry]
  1468 | D:2      | Reached XP level 3. HP: 27/27 MP: 1/6
  1516 | D:2      | Found a hazy altar of Hepliaklqana.
  2358 | D:3      | Noticed an ogre
  2588 | D:3      | Gained mutation: You have very sharp fingernails. [demonic ancestry]
  2588 | D:3      | Reached XP level 4. HP: 34/34 MP: 2/7
  2685 | D:3      | Reached skill level 1 in Unarmed Combat
  3142 | D:3      | HP: 1/34 [worker ant (5)]
  3462 | D:4      | Found a glowing drain.
  3477 | Sewer    | Entered a sewer
  3531 | Sewer    | Noticed Purgy
  3552 | Sewer    | Slain by Purgy

Skill      XL: |  1  2  3  4 |
---------------+-------------+-----
Stealth        | 3 |  3.0
Conjurations   | 1 2 |  2.5
Unarmed Combat | 1 |  1.4
Fighting       | 3 |  3.0
Dodging        | |  1.0
Shields        | |  1.0
Spellcasting   | |  2.5
Poison Magic   | |  1.0

Action                   |  1- 3 |  4- 6 || total
-------------------------+-------+-------++-------
Melee: Dagger            |    51 |       ||    51
       Unarmed           |    41 |    37 ||    78
 Cast: Magic Dart        |    75 |    41 ||   116
  Use: Potion            |       |     4 ||     4
       Scroll            |       |     3 ||     3
 Stab: Sleeping          |     1 |       ||     1
  Eat: Chunk             |     6 |     3 ||     9
Armor: Robe              |    22 |    18 ||    40
Dodge: Dodged            |    64 |    36 ||   100
